Map: New Repugnancy LE

Players

HellraiseR - Winner!

  • Race: Protoss Protoss
  • Spawn Location: 7:00

BuRning

  • Race: Terran Terran
  • Spawn Location: 1:00

Event: 2019 WCS Spring

VOD

Have the link to the VOD?

Description

Time

  • Played on: May 17, 2019, 11:18 a.m.
  • Length: 8:50

All games in this series

Show
View Real Time Build Order
Export as new Build Order

HellraiseR Protoss - Winner!

Build Orders:  

Get SALT Encoding   

  12  0:01  Probe  
  13  0:13  Probe  
  14  0:18  Pylon  
  14  0:22  Probe  
  15  0:32  Probe  
  15  0:38  Gateway  
  15  0:41  Probe  
  16  0:47  Assimilator  
  17  0:53  Probe  
  18  1:06  Probe  
  18  1:07  Pylon  
  19  1:18  Probe  
  20  1:24  Cybernetics Core  
  20  1:25  Zealot  
  22  1:30  Probe  
  23  1:42  Probe  
  24  1:53  Stalker  
  24  1:54  Nexus  
  24  2:05  Probe  
  27  2:11  Warp Gate  
  27  2:13  Assimilator  
  26  2:19  Probe  
  27  2:25  Stalker  
  29  2:32  Probe  
  29  2:36  Pylon  
  30  2:44  Probe  
  30  2:47  Robotics Facility  
  31  3:01  Gateway  
  30  3:06  Probe, Gateway  
  30  3:08  Probe  
  32  3:14  Probe  
  32  3:17  Probe  
  33  3:23  Probe  
  33  3:26  Probe  
  35  3:29  Observer  
  36  3:35  Probe  
  36  3:39  Probe  
  37  3:46  Warp Prism  
  37  3:47  Probe  
  38  3:51  Probe  
  41  3:59  Stalker x2, Probe  
  46  4:04  Stalker  
  46  4:09  Twilight Council  
  48  4:15  Probe  
  48  4:23  Stalker x2  
  52  4:36  Charge  
  52  4:42  Gateway  
  52  4:43  Gateway  
  52  4:44  Pylon  
  52  4:51  Gateway  
  52  4:53  Gateway  
  52  5:03  Zealot x3  
  52  5:05  Gateway  
  58  5:09  Observer  
  51  5:24  Zealot x3  
  55  5:34  Probe  
  53  5:37  Stalker x2  
  53  5:38  Probe  
  46  5:46  Probe  
  46  5:49  Stalker  
  43  5:50  Probe  
  44  5:58  Zealot x4  
  44  6:03  Zealot x3  
  60  6:21  Zealot x3  
  60  6:25  Zealot x2, Pylon x2  
  54  6:32  Probe  
  55  6:34  Zealot x2  
  55  6:37  Probe  
  60  6:44  Probe  
  61  6:49  Probe  
  61  6:53  Stalker x3  
  65  7:05  Stalker  
  65  7:06  Zealot x2  
  65  7:08  Zealot x2  
  75  7:19  Zealot  
  77  7:24  Warp Prism  
  77  7:28  Zealot  
  75  7:30  Pylon  
  73  7:38  Zealot x2  
  59  7:55  Zealot x6  
  69  8:03  Stalker  
  69  8:04  Observer, Stalker  
  74  8:32  Zealot x6  
  84  8:38  Zealot x2  
  80  8:48  Pylon  
Show
View Real Time Build Order
Export as new Build Order

BuRning Terran 

Build Orders: Cyclone Opening 

Get SALT Encoding   

  12  0:00  SCV  
  13  0:13  SCV  
  14  0:17  Supply Depot  
  14  0:25  SCV  
  15  0:38  SCV  
  16  0:44  Barracks  
  16  0:45  Refinery  
  16  0:50  SCV  
  16  0:56  Refinery  
  17  1:03  SCV  
  18  1:15  SCV  
  19  1:31  Reaper, Orbital Command  
  20  1:39  Supply Depot  
  20  1:45  Factory  
  20  1:57  SCV  
  21  2:09  SCV  
  22  2:23  Barracks Reactor  
  22  2:24  Command Center  
  22  2:27  SCV  
  23  2:36  Factory Tech Lab  
  23  2:39  Starport  
  23  2:40  SCV  
  24  2:52  SCV  
  24  2:55  Cyclone  
  28  3:00  Marine x2  
  28  3:04  Supply Depot  
  30  3:07  SCV  
  31  3:15  Starport Tech Lab  
  31  3:25  Marine  
  31  3:26  SCV  
  33  3:27  Siege Tank  
  36  3:37  Banshee  
  36  3:40  SCV  
  40  3:46  Marine x2  
  42  3:51  Barracks  
  42  3:54  SCV  
  43  3:59  Orbital Command  
  43  4:06  SCV  
  44  4:10  Marine x2  
  44  4:14  Siege Tank  
  49  4:19  SCV  
  49  4:22  Banshee  
  53  4:25  SCV  
  53  4:28  Supply Depot  
  54  4:31  SCV  
  54  4:39  Bunker  
  54  4:50  SCV, Siege Tank, Marine x3  
  54  4:52  Supply Depot  
  61  4:55  SCV  
  61  5:07  SCV  
  61  5:08  Engineering Bay  
  61  5:11  Marine  
  61  5:13  Banshee  
  64  5:17  SCV  
  64  5:19  SCV  
  62  5:21  Marine  
  62  5:22  Marine  
  63  5:29  Marine  
  63  5:35  SCV x2  
  59  5:39  Marine x2  
  55  5:46  Marine  
  55  5:47  SCV x2  
  58  5:50  Siege Tank  
  61  5:57  Marine  
  61  5:59  SCV x2  
  61  6:03  Marine  
  65  6:04  Marine  
  65  6:11  SCV x2  
  67  6:16  Marine  
  68  6:21  Marine  
  68  6:22  Marine  
  68  6:24  SCV  
  65  6:27  Widow Mine  
  65  6:31  Bunker  
  67  6:33  Marine  
  67  6:36  SCV  
  67  6:39  Marine  
  69  6:40  Marine  
  69  6:44  SCV  
  69  6:45  Viking  
  72  6:51  SCV, Marine  
  74  7:00  SCV  
  74  7:01  Marine  
  77  7:02  Barracks Tech Lab  
  77  7:04  Widow Mine  
  78  7:08  Command Center, Supply Depot  
  78  7:15  Marine  
  78  7:16  SCV  
  78  7:29  Marine x2  
  78  7:30  SCV x2  
  78  7:33  Marine  
  78  7:42  SCV  
  75  7:47  Marine  
  75  7:50  SCV  
  60  7:54  SCV  
  52  8:01  Marine x2  
  52  8:02  SCV  
  53  8:07  SCV  
  53  8:11  Marine  
  50  8:17  SCV  
  50  8:18  Refinery  
  50  8:19  Marine  
  50  8:21  Supply Depot  
Tags
 
Add a new tag
Caveats
  • Supply blocks, unpowered buildings, or Contaminate may cause inaccurate times.
  • Supply counts are checked every 10 seconds.